 Dungeon Crawl Stone Soup version 0.20.0-4-g10b340a (webtiles) character file.

307 mopl the Cudgeler (level 6, 0/51 HPs)
             Began as a Minotaur Wanderer on May 27, 2017.
             Slain by an orc wizard
             ... wielding a +1 dagger of venom
              (3 damage)
             ... on level 4 of the Dungeon.
             The game lasted 00:04:30 (2517 turns).

mopl the Cudgeler (Minotaur Wanderer)               Turns: 2517, Time: 00:04:31

Health: 0/51       AC:  9    Str: 18    XL:     6   Next: 16%
Magic:  7/7        EV: 10    Int:  8    God:
Gold:   195        SH:  0    Dex: 11    Spells: 7/7 levels left

rFire    . . .     SeeInvis .   v - +2 quarterstaff (chaos)
rCold    . . .     Gourm    +   (shield currently unavailable)
rNeg     . . .     Faith    .   f - +0 scale mail
rPois    .         Spirit   .   (helmet restricted)
rElec    .         Reflect  .   e - +0 cloak
rCorr    .         Harm     .   o - +0 pair of gloves
MR       .....                  (no boots)
Stlth    ..........             q - amulet of the gourmand
Regen    0.2/turn               (no ring)
MPRegen  0.1/turn               (no ring)

@: lethally poisoned (0 -> -57)
A: retaliatory headbutt, horns 2
a: no special abilities


You were on level 4 of the Dungeon.
You were completely stuffed.

You visited 1 branch of the dungeon, and saw 4 of its levels.

You collected 195 gold pieces.

Inventory:

Hand Weapons
 b - a +0 mace
 v - a +2 quarterstaff of chaos (weapon)
Missiles
 m - 5 javelins (quivered)
Armour
 e - a +0 cloak (worn)
 f - a +0 scale mail (worn)
 o - a +0 pair of gloves (worn)
Jewellery
 q - an amulet of the gourmand (around neck)
 w - an uncursed ring of fire
Wands
 a - a wand of flame (15/48)
 x - a wand of random effects (20/48)
Scrolls
 g - a scroll of enchant armour {unknown}
 i - 3 scrolls of fear {unknown}
 j - a scroll of remove curse {unknown}
 k - 3 scrolls of fog {unknown}
 n - 2 scrolls of teleportation {unknown}
 r - 2 scrolls of identify {unknown}
Potions
 c - 2 potions of haste {unknown}
 h - a potion of agility {unknown}
 p - 4 potions of curing {unknown}
 s - a potion of invisibility {unknown}
 t - a potion of mutation {unknown}
 u - 2 potions of degeneration {unknown}
Comestibles
 d - 4 bread rations
 l - a royal jelly
 z - 3 chunks of flesh


   Skills:
 + Level 3.1 Fighting
 * Level 6.0 Maces & Flails
 + Level 4.0 Armour
 + Level 2.6 Dodging
 - Level 1.3 Spellcasting
   Level 1.0 Poison Magic
 - Level 1.7 Evocations


You had 7 spell levels left.
You didn't know any spells.

Dungeon Overview and Level Annotations

Branches:
Dungeon (4/15)
 Temple: D:4-7

Altars:
Elyvilon
Gozag
Vehumet
Zin


Innate Abilities, Weirdness & Mutations

You reflexively headbutt those who attack you in melee.
You have a pair of horns on your head.


Message History

You miss something.
You feel very sick. Something hits you but does no damage.
You are more poisoned.
You miss something.
* * * LOW HITPOINT WARNING * * *
You feel very sick. Something hits you.
* * * LOW HITPOINT WARNING * * *
You are more poisoned.
You closely miss something. Your headbutt misses something.
* * * LOW HITPOINT WARNING * * *
You feel very sick. Something hits you but does no damage.
You are more poisoned.
You barely miss something. Your headbutt misses something.
* * * LOW HITPOINT WARNING * * *
You feel very sick. Something hits you.
You die...

#. ##...##.#### #.
#........... # #.
#.......§.#
#...##.##.#...§.§.##
#......).......§...#####
###
.......##.##...!........
..# ....... #.........#
#.# ....... ####.{#.###
#.# #...### #..@.# #.#
#... ######.)### #.#
#... #.......# ##.###
##.# #.#####.# #[....
#.# #.# #.# ###..### #.#
#.# #.# #....###
#.####.#####.# #......(
#.......†....# #....###
#.####.####### ##.<.###


There were no monsters in sight!

Vanquished Creatures
  An ogre (D:4)
  Crazy Yiuf (D:3)
  Ijyb (D:4)
  A worker ant (D:4)
  Natasha (D:4)
  2 adders
  2 oozes
  4 worms
  3 dart slugs
  A leopard gecko (D:2)
  3 orcs
  A ball python (D:2)
  6 bats
  6 giant cockroaches
  6 goblins
  8 hobgoblins
  6 jackals (D:2)
  5 kobolds
  4 quokkas
  4 frilled lizards
  6 rats
72 creatures vanquished.

Notes
Turn   | Place    | Note
-------+----------+-------------------------------------------
     0 | D:1      | mopl the Minotaur Wanderer began the quest for the Orb.
     0 | D:1      | mopl set off with: a wand of flame (15/48), a +0 mace, a +0 robe, a bread ration
     0 | D:1      | Reached XP level 1. HP: 14/14 MP: 1/1
   338 | D:1      | Reached XP level 2. HP: 20/20 MP: 3/3
   511 | D:1      | Reached skill level 1 in Dodging
   701 | D:2      | Reached skill level 1 in Fighting
   702 | D:2      | Reached skill level 3 in Armour
   751 | D:2      | Reached skill level 4 in Maces & Flails
   829 | D:2      | Reached XP level 3. HP: 21/28 MP: 4/4
  1004 | D:2      | Found a white marble altar of Elyvilon.
  1234 | D:2      | Reached XP level 4. HP: 34/36 MP: 5/5
  1443 | D:3      | Found an opulent altar of Gozag.
  1458 | D:3      | Reached skill level 2 in Fighting
  1801 | D:3      | Found a glowing silver altar of Zin.
  2010 | D:3      | Found a runed door.
  2014 | D:3      | Noticed Crazy Yiuf
  2019 | D:3      | Killed Crazy Yiuf
  2019 | D:3      | Reached skill level 5 in Maces & Flails
  2019 | D:3      | Reached skill level 2 in Dodging
  2019 | D:3      | Reached XP level 5. HP: 27/41 MP: 6/6
  2183 | D:4      | Noticed Ijyb
  2195 | D:4      | Killed Ijyb
  2233 | D:4      | Noticed Natasha
  2238 | D:4      | Killed Natasha
  2435 | D:4      | Found a radiant altar of Vehumet.
  2448 | D:4      | Noticed an ogre
  2453 | D:4      | Killed an ogre
  2453 | D:4      | Reached skill level 3 in Fighting
  2453 | D:4      | Reached skill level 6 in Maces & Flails
  2453 | D:4      | Reached skill level 4 in Armour
  2453 | D:4      | Reached XP level 6. HP: 33/51 MP: 7/7
  2517 | D:4      | Slain by an orc wizard

Skill      XL: |  1  2  3  4  5 |
---------------+----------------+-----
Dodging        | 1 2 |  2.6
Fighting       | 1 2 3 |  3.1
Armour         | 3 4 |  4.0
Maces & Flails | 4 5 6 |  6.0
Spellcasting   | |  1.3
Poison Magic   | |  1.0
Evocations     | |  1.7

Action                   |  1- 3 |  4- 6 || total
-------------------------+-------+-------++-------
Melee: Mace              |    90 |    62 ||   152
       Headbutt          |    10 |    16 ||    26
       Quarterstaff      |       |    35 ||    35
  Eat: Chunk             |     1 |    18 ||    19
Armor: Scale mail        |    56 |    35 ||    91
Dodge: Dodged            |    56 |    37 ||    93
